 Dungeon Crawl Stone Soup version 0.30-a0-311-gf115ab0292 (webtiles) character file.

Game seed: 6528925266919930352

1675 Engwar the Covert (level 8, -3/60 (64) HPs)
             Began as an Armataur Warper on Oct 25, 2022.
             Slain by a water moccasin (6 damage)
             ... on level 7 of the Dungeon.
             The game lasted 00:21:38 (6821 turns).

Engwar the Covert (Armataur Warper)                 Turns: 6821, Time: 00:21:39

HP:   -3/60 (64)    AC:  5    Str: 17    XL:     8   Next: 70%
MP:   14/14         EV:  9    Int: 13    God:
Gold: 97            SH:  4    Dex:  8    Spells: 8/15 levels left

rFire   . . .      SeeInvis .    a - +1 dagger (venom)
rCold   . . .      Faith    .    (no shield)
rNeg    . . .      Spirit   .    j - +0 animal skin
rPois   .          Reflect  .    e - +0 helmet
rElec   .          Harm     .    (no cloak)
rCorr   .          Roll     +    (no gloves)
Will    .....                    (no barding)
Stlth   +++.......               (no amulet)
HPRegen 0.30/turn                (no ring)
MPRegen 0.14/turn                (no ring)

@: lethally poisoned (-3 -> -11), drained
A: large, rugged brown scales 3, deformed body, armoured tail, roll, long
tongue, awkward tongue, hooves 1, large bone plates 1, clumsy 1, dopey 1
a: no special abilities


You were on level 7 of the Dungeon.
You visited 1 branch of the dungeon, and saw 8 of its levels.

You collected 297 gold pieces.
You spent 200 gold pieces at shops.

Inventory:

Hand Weapons
 a - a +1 dagger of venom (weapon)
 b - a +2 dagger of protection
Missiles
 d - 3 boomerangs of dispersal (quivered)
 g - a throwing net
 k - 3 javelins
 s - a boomerang
Armour
 e - a +0 helmet (worn)
 j - a +0 animal skin (worn)
 n - a +0 robe
Jewellery
 h - a ring of ice
Wands
 q - a wand of flame (19)
 u - a wand of iceblast (6)
 x - a wand of polymorph (7)
Scrolls
 c - 2 scrolls of blinking
 f - 2 scrolls of identify
 m - a scroll of summoning
 r - a scroll of immolation
 t - a scroll of silence
 w - a scroll of amnesia
 y - a scroll of teleportation
Potions
 i - 3 potions of brilliance
 l - a potion of curing
 o - 2 potions of lignification
 p - a potion of invisibility
 v - a potion of might
 z - a potion of berserk rage {unknown}


   Skills:
 - Level 1.7 Fighting
 - Level 5.0 Short Blades
 - Level 0.8 Throwing
 - Level 1.2 Armour
 - Level 1.3 Dodging
 - Level 8.0 Stealth
 - Level 4.0 Spellcasting
 + Level 5.0 Hexes
 - Level 3.0 Translocations


You had 8 spell levels left.
You knew the following spells:

 Your Spells              Type           Power      Damage    Failure   Level
a - Blink                 Tloc           20%        N/A       9%          2
b - Teleport Other        Tloc           10%        N/A       19%         3
c - Ensorcelled Hibernat  Hex/Ice        18%        N/A       11%         2

Your spell library contained the following spells:

 Spells                   Type           Power      Damage    Failure   Level
 Lesser Beckoning         Tloc           20%        N/A       19%         3
 Passwall                 Tmut/Erth      1%         N/A       30%         2
 Vhi's Electric Charge    Tloc/Air       12%        N/A       32%         3
 Ozocubu's Armour         Ice            2%         N/A       52%         3
 Swiftness                Air            2%         N/A       52%         3
 Manifold Assault         Tloc           10%        N/A       52%         4
 Ozocubu's Refrigeration  Ice            1%         4d7       100%        7


Dungeon Overview and Level Annotations

Branches:
Dungeon (8/15)             Temple (0/1) D:6
   Lair: D:8-11

Altars:

Shops:
D:2 (   D:3 :[*:(

Annotations:
D:6 2 transporters, flt's ghost, novice DgTm


Innate Abilities, Weirdness & Mutations

You are completely covered in rugged brown scales. (AC +3, +7% HP)
Armour fits poorly on your strangely shaped body.
You have a long armoured tail.
You roll when moving toward enemies. (Rampage)
Your long tongue fully drains potion bottles. (2x potion effects)
Your tongue gives you trouble enunciating. (1.5x scroll delay)
You have large cloven feet.
You are partially covered in large bone plates. (SH +4)
You are clumsy. (Dex -2)
You are dopey. (Int -2)


Message History

a - a +1 dagger of venom (weapon)
You block the wight's attack.
The water moccasin bites you but does no damage.
You barely miss the water moccasin. Your kick misses the water moccasin.
The wight hits you with a +5 flail!
The water moccasin bites you but does no damage.
You hit the water moccasin.
The water moccasin is poisoned.
Your kick misses the water moccasin.
The water moccasin is lightly wounded.
The water moccasin bites you but does no damage.
You hit the water moccasin.
The water moccasin is lightly wounded.
The water moccasin bites you but does no damage.
You hit the water moccasin. Your kick misses the water moccasin.
Your tail-slap misses the water moccasin.
The water moccasin is moderately wounded.
The wight hits you with a +5 flail! The wight hits you with a +0 flail.
The water moccasin bites you.
You hit the water moccasin. Your kick misses the water moccasin.
The water moccasin is moderately wounded.
The water moccasin bites you.
You are poisoned.
The water moccasin poisons you! The wight hits you with a +5 flail!
* * * LOW HITPOINT WARNING * * *
The wight closely misses you.
You hit the water moccasin but do no damage.
Your kick misses the water moccasin.
The water moccasin is moderately wounded.
* * * LOW HITPOINT WARNING * * *
You feel very sick.
The water moccasin bites you but does no damage.
You miss the water moccasin. Your kick misses the water moccasin.
The water moccasin is moderately wounded.
* * * LOW HITPOINT WARNING * * *
You feel sick. The wight hits you with a +5 flail.
* * * LOW HITPOINT WARNING * * *
You feel drained.
* * * LOW HITPOINT WARNING * * *
The wight barely misses you. The water moccasin bites you.
You die...

.....#......#..............#
#$...z.....#..##..####.#...
#.....(...........##......
#..#...†....##..#.##.......
.............##..#.###......
........#...####.#..##....##
........###[###.....##..###
......... #Sz###.....#...#
......... #@z####.......##
...#=...###...#.....#..##
######.###..........#.##
##......#..### ##........#
##....#.## ##.##### ###


You could see a water moccasin (poisoned) and 2 wights.

Vanquished Creatures
  Prince Ribbit (D:5)
  A water moccasin (D:6)
  An ice beast (D:5)
  2 black bears
  Blork the orc (D:4)
  A bullfrog (D:7)
  3 scorpions
  A necrophage (D:6)
  3 wights (D:7)
  3 hounds
  3 orc priests (D:6)
  A gnoll bouda (D:5)
  A jelly (D:6)
  2 iguanas
  Natasha (thrice) (D:4)
  2 orc wizards
  Robin (D:2)
  4 adders
  3 gnolls (D:3)
  2 worms
  2 dart slugs (D:2)
  10 orcs
  2 bats
  6 endoplasms
  4 giant cockroaches
  13 goblins
  6 hobgoblins
  3 jackals (D:1)
  3 quokkas
  6 ball pythons
  6 frilled lizards
  4 kobolds
  5 rats
109 creatures vanquished.

Notes
Turn   | Place    | Note
-------+----------+-------------------------------------------
     0 | D:1      | Engwar the Armataur Warper began the quest for the Orb.
     0 | D:1      | Reached XP level 1. HP: 18/18 MP: 3/3
    43 | D:1      | Reached skill level 1 in Stealth
   188 | D:1      | Reached XP level 2. HP: 13/25 MP: 4/4
   316 | D:1      | Learned a level 2 spell: Blink
   503 | D:1      | Reached skill level 2 in Stealth
   825 | D:2      | Found Tow Dywe's Antique Weapon Boutique.
   870 | D:2      | Reached XP level 3. HP: 28/31 MP: 5/5
   882 | D:2      | Learned a level 3 spell: Teleport Other
  1529 | D:2      | Noticed Robin
  1541 | D:2      | Killed Robin
  1549 | D:2      | Reached skill level 3 in Stealth
  1704 | D:3      | Found a faded altar of an unknown god.
  1706 | D:3      | Reached XP level 4. HP: 38/38 MP: 6/6
  1751 | D:3      | Found Inojeroy's Assorted Antiques.
  1948 | D:3      | Found Aklid's Antique Armour Shoppe.
  2431 | D:3      | Found Tanyxaen's Weapon Shoppe.
  2432 | D:3      | Found Katum's Book Shop.
  2730 | D:3      | Reached XP level 5. HP: 35/43 MP: 7/7
  2783 | D:3      | Reached skill level 4 in Stealth
  2952 | D:3      | Found Larouc's Book Emporium.
  3117 | D:4      | Noticed Natasha
  3124 | D:4      | Reached skill level 5 in Stealth
  3124 | D:4      | Reached XP level 6. HP: 42/51 MP: 8/8
  3143 | D:4      | Killed Natasha
  3164 | D:4      | Gained mutation: You are partially covered in iridescent
                  | scales. (AC +2) [potion of mutation]
  3164 | D:4      | Gained mutation: You are frail. (-10% HP) [potion of
                  | mutation]
  3164 | D:4      | Gained mutation: You are resistant to electric shocks.
                  | (rElec) [potion of mutation]
  3164 | D:4      | Gained mutation: You are vulnerable to heat. (rF-) [potion
                  | of mutation]
  3164 | D:4      | Gained mutation: You are somewhat resistant to further
                  | mutation. [potion of mutation]
  3165 | D:4      | Lost mutation: You are somewhat resistant to further
                  | mutation. [potion of mutation]
  3165 | D:4      | Lost mutation: You are vulnerable to heat. (rF-) [potion of
                  | mutation]
  3165 | D:4      | Lost mutation: You are frail. (-10% HP) [potion of
                  | mutation]
  3165 | D:4      | Lost mutation: You are partially covered in iridescent
                  | scales. (AC +2) [potion of mutation]
  3165 | D:4      | Gained mutation: You are frail. (-10% HP) [potion of
                  | mutation]
  3165 | D:4      | Gained mutation: Your flesh is cold resistant. (rC+)
                  | [potion of mutation]
  3165 | D:4      | Gained mutation: You have large cloven feet. [potion of
                  | mutation]
  3165 | D:4      | Gained mutation: Your tail ends in a venomous barb. [potion
                  | of mutation]
  3165 | D:4      | Gained mutation: You have hidden genetic potential. [potion
                  | of mutation]
  3165 | D:4      | Gained mutation: You occasionally lose the ability to drink
                  | potions when taking damage. [potion of mutation]
  3165 | D:4      | Gained mutation: You are agile. (Dex +4, Str/Int -1)
                  | [potion of mutation]
  3166 | D:4      | Lost mutation: You have large cloven feet. [potion of
                  | mutation]
  3166 | D:4      | Lost mutation: You are resistant to electric shocks.
                  | (rElec) [potion of mutation]
  3166 | D:4      | Lost mutation: You have hidden genetic potential. [potion
                  | of mutation]
  3166 | D:4      | Lost mutation: You are agile. (Dex +4, Str/Int -1) [potion
                  | of mutation]
  3166 | D:4      | Gained mutation: You are vulnerable to heat. (rF-) [potion
                  | of mutation]
  3166 | D:4      | Gained mutation: Your spells are a little easier to cast,
                  | but a little less powerful. [potion of mutation]
  3166 | D:4      | Gained mutation: You are agile. (Dex +4, Str/Int -1)
                  | [potion of mutation]
  3166 | D:4      | Gained mutation: Your movements are slightly less
                  | encumbered by armour. (ER -2) [potion of mutation]
  3166 | D:4      | Gained mutation: You are partially covered in iridescent
                  | scales. (AC +2) [potion of mutation]
  3167 | D:4      | Lost mutation: Your spells are a little easier to cast, but
                  | a little less powerful. [potion of mutation]
  3167 | D:4      | Lost mutation: Your flesh is cold resistant. (rC+) [potion
                  | of mutation]
  3167 | D:4      | Lost mutation: You are frail. (-10% HP) [potion of
                  | mutation]
  3167 | D:4      | Lost mutation: Your tail ends in a venomous barb. [potion
                  | of mutation]
  3167 | D:4      | Lost mutation: You are agile. (Dex +4, Str/Int -1) [potion
                  | of mutation]
  3167 | D:4      | Lost mutation: You are partially covered in iridescent
                  | scales. (AC +2) [potion of mutation]
  3167 | D:4      | Gained mutation: A frigid envelope surrounds you and
                  | freezes all who hurt you. [potion of mutation]
  3167 | D:4      | Gained mutation: You are dopey. (Int -2) [potion of
                  | mutation]
  3167 | D:4      | Gained mutation: Your magical capacity is low. (-10% MP)
                  | [potion of mutation]
  3167 | D:4      | Gained mutation: Your system is resistant to poisons.
                  | (rPois) [potion of mutation]
  3349 | D:4      | Noticed Natasha
  3377 | D:4      | Killed Natasha
  3525 | D:4      | Noticed Blork the orc
  3540 | D:4      | Killed Blork the orc
  3667 | D:4      | Noticed Natasha
  3678 | D:4      | Killed Natasha
  3953 | D:5      | Entered Level 5 of the Dungeon
  3953 | D:5      | Noticed an ice beast
  3954 | D:5      | Killed an ice beast
  3955 | D:5      | Reached skill level 5 in Short Blades
  3955 | D:5      | Reached skill level 6 in Stealth
  3955 | D:5      | Reached XP level 7. HP: 56/56 MP: 8/8
  4034 | D:5      | Noticed Prince Ribbit
  4039 | D:5      | Killed Prince Ribbit
  4040 | D:5      | Reached skill level 7 in Stealth
  4368 | D:3      | Bought a book of Burglary for 200 gold pieces
  4371 | D:3      | Learned a level 2 spell: Ensorcelled Hibernation
  4786 | D:5      | Reached skill level 1 in Hexes
  4864 | D:6      | Reached skill level 8 in Stealth
  4864 | D:6      | Reached XP level 8. HP: 64/64 MP: 11/11
  4920 | D:6      | Lost mutation: A frigid envelope surrounds you and freezes
                  | all who hurt you. [potion of mutation]
  4920 | D:6      | Lost mutation: You occasionally lose the ability to drink
                  | potions when taking damage. [potion of mutation]
  4920 | D:6      | Lost mutation: You are vulnerable to heat. (rF-) [potion of
                  | mutation]
  4920 | D:6      | Lost mutation: Your system is resistant to poisons. (rPois)
                  | [potion of mutation]
  4920 | D:6      | Lost mutation: Your magical capacity is low. (-10% MP)
                  | [potion of mutation]
  4920 | D:6      | Lost mutation: Your movements are slightly less encumbered
                  | by armour. (ER -2) [potion of mutation]
  4920 | D:6      | Lost mutation: You are dopey. (Int -2) [potion of mutation]
  4920 | D:6      | Gained mutation: You are partially covered in large bone
                  | plates. (SH +4) [potion of mutation]
  4920 | D:6      | Gained mutation: You are dopey. (Int -2) [potion of
                  | mutation]
  4920 | D:6      | Gained mutation: You are weak. (Str -2) [potion of
                  | mutation]
  4920 | D:6      | Gained mutation: You have large cloven feet. [potion of
                  | mutation]
  4920 | D:6      | Gained mutation: You are clumsy. (Dex -2) [potion of
                  | mutation]
  4920 | D:6      | Lost mutation: You are weak. (Str -2) [potion of mutation]
  5145 | D:6      | Found a transporter.
  5183 | D:6      | Noticed flt's ghost (novice DgTm)
  5223 | D:6      | Found a staircase to the Ecumenical Temple.
  5727 | D:6      | Found a transporter.
  6677 | D:7      | Reached skill level 5 in Hexes
  6821 | D:7      | HP: 3/60 [wight/+5 flail (1)]
  6821 | D:7      | Slain by a water moccasin

Illustrated notes

Levels and vault maps discovered:
D:1:      lightli_arrival_chessboard, layout_basic, grunt_decor_resistance,
          minmay_tripent
D:2:      layout_basic, serial_glass, glass_columns_a, glass_columns_a,
          serial_shops, shop, uniq_robin
D:3:      layout_loops_ring, serial_shops, nicolae_shop_behind_doors, shop,
          shop, nicolae_shop_statue_plus, nicolae_shop_overgrown_old_shop,
          basic_ecumenical_altar
D:4:      layout_basic, serial_rivers, chequers_serial_rivers_small_3,
          chequers_serial_rivers_room_a, chequers_serial_rivers_small_b,
          chequers_serial_rivers_micro_a, chequers_serial_rivers_marsh,
          chequers_serial_rivers_micro_e, uniq_natasha, uniq_blork_the_orc
D:5:      layout_loops_corners, uniq_prince_ribbit1
D:6:      layout_layer_cave, minmay_temple_entry_overgrown,
          gammafunk_ghost_stat_death
D:7:      layout_cave_pools, hangedman_abyss_or_decor_passed
D:8:      layout_basic, serial_shops, shop_statue, nicolae_shop_statue_plus,
          nicolae_lakefront_shop

Skill      XL: |  1  2  3  4  5  6  7  8 |
---------------+-------------------------+-----
Short Blades   | 2 3 4 5 |  5.0
Stealth        | 1 2 3 5 6 8 |  8.0
Spellcasting   | 3 4 |  4.0
Hexes          | 1 5 |  5.0
Fighting       | |  1.7
Throwing       | |  0.8
Armour         | |  1.2
Dodging        | |  1.3
Translocations | |  3.0

Action                   |  1- 3 |  4- 6 |  7- 9 || total
-------------------------+-------+-------+-------++-------
Melee: Short sword       |   108 |       |       ||   108
       Tailslap          |    26 |    18 |    10 ||    54
       Dagger            |    76 |   132 |   149 ||   357
       Punch             |     1 |     2 |     1 ||     4
       Kick              |       |       |    40 ||    40
Throw: Boomerang         |       |     4 |       ||     4
  Use: Scroll            |     3 |     6 |     5 ||    14
       Potion            |     2 |     6 |     1 ||     9
 Stab: Sleeping          |     2 |     7 |     9 ||    18
       Distracted        |       |       |     1 ||     1
Armor: Leather armour    |    91 |       |       ||    91
       Animal skin       |       |    30 |    39 ||    69
Dodge: Dodged            |    95 |    43 |    40 ||   178
Block: Other             |       |       |    16 ||    16

Table legend: (Time is in decaauts)
 A = Elapsed time spent in this place.
 B = Non-inter-level travel time spent in this place.
 C = Inter-level travel time spent in this place.
 D = Time resting spent in this place.
 E = Time spent auto-exploring this place.
 F = Levels seen in this place.
 G = Mean time per level.
                   A        B        C        D        E       F      G
               +--------+--------+--------+--------+--------+-----+--------+
         Total |   6754 |   6385 |    369 |   1067 |   3979 |   8 |  844.2 |
       Dungeon |   6754 |   6385 |    369 |   1067 |   3979 |   8 |  844.2 |
               +--------+--------+--------+--------+--------+-----+--------+

Top non-repeatable levels by time:
     D:6: 1434 daAuts
     D:3: 1248 daAuts
     D:4: 1002 daAuts
     D:1: 886 daAuts
     D:2: 857 daAuts
     D:5: 764 daAuts
     D:7: 431 daAuts
     D:8: 129 daAuts
